 Dungeon Crawl Stone Soup version 0.21.1-1-g345015f (webtiles) character file.

1254 kae the Cleaver (level 8, -1/71 HPs)
             Began as a Hill Orc Fighter on May 31, 2018.
             Slain by a killer bee (8 damage)
             ... on level 6 of the Dungeon.
             The game lasted 00:04:23 (5627 turns).

kae the Cleaver (Hill Orc Fighter)                  Turns: 5627, Time: 00:04:23

Health: -1/71      AC:  7    Str: 26    XL:     8   Next: 51%
Magic:  8/8        EV:  9    Int:  8    God:
Gold:   275        SH:  9    Dex: 10    Spells: 7/7 levels left

rFire    + . .     SeeInvis +   a - +1 war axe
rCold    . . .     Gourm    .   c - +0 shield
rNeg     . . .     Faith    .   b - +0 scale mail
rPois    .         Spirit   .   (no helmet)
rElec    .         Reflect  .   (no cloak)
rCorr    .         Harm     .   (no gloves)
MR       .....                  (no boots)
Stlth    ..........             (no amulet)
HPRegen  0.21/turn              k - ring of protection from fire
MPRegen  0.11/turn              g - ring of see invisible

@: mighty, lethally poisoned (-1 -> -19)
A: no striking features
a: no special abilities


You were on level 6 of the Dungeon.
You were not hungry.

You visited 1 branch of the dungeon, and saw 6 of its levels.

You collected 275 gold pieces.

Inventory:

Hand Weapons
 a - a +1 war axe (weapon)
Armour
 b - a +0 scale mail (worn)
 c - a +0 shield (worn)
Jewellery
 e - an uncursed ring of fire
 g - a ring of see invisible (right hand)
 k - a ring of protection from fire (left hand)
 x - an uncursed ring of flight {unknown}
Scrolls
 h - a scroll of enchant weapon
 m - 3 scrolls of teleportation
 p - 3 scrolls of remove curse
 q - a scroll of immolation
 t - a scroll of amnesia
 u - a scroll of magic mapping
Potions
 d - 2 potions of might
 i - 2 potions of curing
 j - a potion of haste
 l - 2 potions of agility {unknown}
 n - a potion of brilliance
 o - 3 potions of invisibility
 r - a potion of flight {unknown}
 s - 2 potions of lignification {unknown}
 v - a potion of heal wounds {unknown}
 w - a potion of cancellation {unknown}
Comestibles
 f - 8 rations


   Skills:
 + Level 6.4 Fighting
 * Level 8.7 Axes
 + Level 5.8 Armour
 + Level 3.4 Dodging
 - Level 3.2 Shields


You had 7 spell levels left.
You didn't know any spells.

Dungeon Overview and Level Annotations

Branches:
Dungeon (6/15)
 Temple: D:4-7

Altars:
Fedhas
Gozag
Nemelex Xobeh
Okawaru
Qazlal
Ru
Trog
Uskayaw
Vehumet
Xom
The Shining One

Annotations:
D:6 Jaiteiro's ghost, novice TrWr


Message History

You kill the killer bee!
Your life force feels restored.
You feel sick. The killer bee stings you. The killer bee barely misses you.
You miss the killer bee.
You feel sick. The killer bee barely misses you. The killer bee stings you.
* * * LOW HITPOINT WARNING * * *
You miss the killer bee.
You feel sick.
The killer bee stings you but does no damage.
The killer bee barely misses you.
You slice the killer bee!!
You kill the killer bee!
You feel sick. You block the killer bee's attack. The killer bee stings you.
* * * LOW HITPOINT WARNING * * *
You are more poisoned.
The killer bee poisons you!
You closely miss the killer bee.
You feel sick. The killer bee stings you.
* * * LOW HITPOINT WARNING * * *
You are more poisoned.
The killer bee poisons you! The killer bee stings you!
You die...

##########
###
#........#
#.######.#
#.# #.# #.#
#.# #.# #.#
# #.# #.#
....#####.#
#.#
#...yy@..#
#.#
#.########
#.# #.#
#.#######
#.......#
#######.#
#.# #.. #..


You could see 2 killer bees.

Vanquished Creatures
  A hungry ghost (D:6)
  An orc warrior (D:6)
  2 bullfrogs
  2 scorpions (D:6)
  3 killer bees (D:6)
  3 bullfrog zombies
  A centaur zombie (D:6)
  A crimson imp (D:5)
  A quasit (D:6)
  2 orc priests
  A hound (D:6)
  An iguana (D:4)
  A gnoll shaman (D:4)
  3 orc wizards
  5 adders
  7 gnolls
  A shadow imp (D:5)
  An ooze (D:1)
  An adder skeleton (D:6)
  2 worms
  3 leopard geckos
  13 orcs
  4 bats
  3 giant cockroaches
  10 goblins
  7 hobgoblins
  2 jackals (D:2)
  5 kobolds
  3 quokkas (D:3)
  A ball python (D:4)
  3 frilled lizards
  A leopard gecko zombie (D:6)
  A quokka zombie (D:5)
  10 rats
106 creatures vanquished.

Vanquished Creatures (others)
  2 orc wizards
2 creatures vanquished.

Grand Total: 108 creatures vanquished

Notes
Turn   | Place    | Note
-------+----------+-------------------------------------------
     0 | D:1      | kae the Hill Orc Fighter began the quest for the Orb.
     0 | D:1      | Reached XP level 1. HP: 19/19 MP: 1/1
    80 | D:1      | Reached skill level 3 in Axes
    85 | D:1      | Reached XP level 2. HP: 22/27 MP: 2/2
   414 | D:1      | Reached XP level 3. HP: 31/33 MP: 3/3
   547 | D:1      | Found a sparkling altar of Nemelex Xobeh.
   870 | D:1      | Reached skill level 4 in Axes
   870 | D:1      | Reached skill level 1 in Dodging
  1014 | D:2      | Reached XP level 4. HP: 32/40 MP: 4/4
  1938 | D:3      | Reached XP level 5. HP: 39/47 MP: 5/5
  1943 | D:3      | Found a blossoming altar of Fedhas.
  2075 | D:3      | Found a radiant altar of Vehumet.
  2357 | D:4      | Reached skill level 5 in Axes
  2786 | D:4      | Reached XP level 6. HP: 39/53 MP: 6/6
  3234 | D:4      | Reached skill level 5 in Fighting
  3474 | D:4      | Noticed a moth of wrath
  3477 | D:4      | Found a bloodstained altar of Trog.
  3504 | D:4      | Reached skill level 6 in Axes
  3676 | D:5      | Entered Level 5 of the Dungeon
  3833 | D:5      | Found an iron altar of Okawaru.
  4025 | D:5      | Found an opulent altar of Gozag.
  4025 | D:5      | Found a hide-covered altar of Uskayaw.
  4026 | D:5      | Found a stormy altar of Qazlal.
  4040 | D:5      | Found a glowing golden altar of the Shining One.
  4040 | D:5      | Found an iron altar of Okawaru.
  4041 | D:5      | Found a sacrificial altar of Ru.
  4041 | D:5      | Found a shimmering altar of Xom.
  4124 | D:5      | Reached XP level 7. HP: 61/61 MP: 7/7
  4561 | D:6      | Reached skill level 5 in Armour
  4575 | D:6      | Reached skill level 7 in Axes
  4596 | D:6      | Noticed a hungry ghost
  4827 | D:6      | Killed a hungry ghost
  4848 | D:6      | Reached XP level 8. HP: 61/70 MP: 8/8
  4872 | D:6      | Noticed Jaiteiro's ghost (novice TrWr)
  5204 | D:6      | Found a sparkling altar of Nemelex Xobeh.
  5272 | D:6      | Reached skill level 8 in Axes
  5627 | D:6      | Slain by a killer bee

Skill      XL: |  1  2  3  4  5  6  7  8 |
---------------+-------------------------+-----
Axes           | 3 4 5 6 7 8 |  8.7
Fighting       | 4 5 6 |  6.4
Dodging        | 1 2 3 |  3.4
Armour         | 4 5 |  5.8
Shields        | |  3.2

Action                   |  1- 3 |  4- 6 |  7- 9 || total
-------------------------+-------+-------+-------++-------
Melee: War axe           |    68 |   239 |   137 ||   444
  Use: Potion            |     1 |       |     1 ||     2
       Scroll            |       |     8 |     4 ||    12
  Eat: Chunk             |       |    10 |     1 ||    11
       Ration            |       |       |     3 ||     3
Armor: Scale mail        |    30 |    87 |    44 ||   161
Dodge: Dodged            |    36 |    65 |    52 ||   153
Block: Shield            |    37 |   115 |    88 ||   240
